 Dungeon Crawl Stone Soup version 0.30-a0-1075-gcd70e7a56d (webtiles) character file.

Game seed: 14990391627435060291

124 jasper the Magician (level 4, -5/21 HPs)
             Began as a Spriggan Earth Elementalist on Apr 14, 2023.
             Killed by nerve-wracking pain
             ... invoked by Grinder
              (9 damage)
             ... on level 3 of the Dungeon.
             The game lasted 00:04:00 (2441 turns).

jasper the Magician (Spriggan Earth Elementalist)   Turns: 2441, Time: 00:04:01

Health: -5/21      AC:  2    Str:  4    XL:     4   Next: 81%
Magic:  4/11       EV: 17    Int: 18    God:
Gold:   83         SH:  0    Dex: 15    Spells: 6/12 levels left

rFire   . . .      SeeInvis +    m - +0 trident
rCold   . . .      Faith    .    (shield currently unavailable)
rNeg    . . .      Spirit   .    a - +0 robe
rPois   .          Reflect  .    (helmet restricted)
rElec   .          Rampage  .    (no cloak)
rCorr   .                        (gloves unavailable)
Will    .....                    (boots unavailable)
Stlth   ++                       (no amulet)
HPRegen 0.23/turn                (no ring)
MPRegen 0.12/turn                (no ring)

@: very quick
A: very small, no large weapons, unfitting armour, see invisible, speed 3
a: no special abilities


You were on level 3 of the Dungeon.
You visited 1 branch of the dungeon, and saw 3 of its levels.

You collected 83 gold pieces.

Inventory:

Hand Weapons
 f - a +1 whip
 m - a +0 trident (weapon)
Armour
 a - a +0 robe (worn)
Scrolls
 e - a scroll of fog
 h - a scroll of enchant weapon
 i - a scroll of magic mapping
 j - 2 scrolls of noise
Potions
 b - 2 potions of magic
 c - a potion of lignification {unknown}
 d - a potion of berserk rage {unknown}
 g - a potion of curing
 k - a potion of degeneration {unknown}
 l - a potion of attraction {unknown}
 n - a potion of might {unknown}


   Skills:
 - Level 2.6 Dodging
 - Level 3.0 Stealth
 + Level 4.5 Spellcasting
 + Level 1.2 Conjurations
 - Level 1.3 Transmutations
 + Level 3.8 Earth Magic


You had 6 spell levels left.
You knew the following spells:

 Your Spells              Type           Power      Damage    Failure   Level
a - Sandblast             Erth           34%        2d9       3%          1
b - Passwall              Tmut/Erth      10%        N/A       8%          2
c - Stone Arrow           Conj/Erth      26%        3d8       16%         3

Your spell library contained the following spells:

 Spells                   Type           Power      Damage    Failure   Level
 Ozocubu's Armour         Ice            4%         N/A       38%         3
 Petrify                  Tmut/Erth      13%        N/A       43%         4
 Ozocubu's Refrigeration  Ice            2%         4d7       100%        7


Dungeon Overview and Level Annotations

Branches:
Dungeon (3/15)

Altars:

Annotations:
D:2 Terence
D:3 Grinder


Innate Abilities, Weirdness & Mutations

You are very small and have problems with some larger weapons.
You are too small for most types of armour.
You have supernaturally acute eyesight. (SInv)
You cover ground extremely quickly. (Speed+++)


Message History

Aiming: Sandblast (safe; 3% risk of failure)
Press: ? - help, Q - select action, (/) - cycle Shift-Dir - straight line, f/p - Grinder
Aim: Grinder, carrying a wand of roots (5) (lightly wounded, 80% to hit)
The blast of sand hits Grinder.
Grinder is lightly wounded.
Grinder hits you.
You writhe in agony.
Your magical contamination has completely faded away.
You take 6 damage, and have 15/21 hp.
MASSIVE DAMAGE!!
Aiming: Sandblast (safe; 3% risk of failure)
Press: ? - help, Q - select action, (/) - cycle Shift-Dir - straight line, f/p - Grinder
Aim: Grinder, carrying a wand of roots (5) (lightly wounded, 80% to hit)
The blast of sand hits Grinder!
Grinder is moderately wounded.
Grinder hits you!
You writhe in agony.
* * * LOW HITPOINT WARNING * * *
You take 14 damage, and have 1/21 hp.
MASSIVE DAMAGE!!
You now have 6/11 mp.
It was a potion of curing.
You feel better. Grinder gestures at you.
You struggle to resist.
You regained 11 hp, and now have 12/21 hp.
Aiming: Sandblast (safe; 3% risk of failure)
Press: ? - help, Q - select action, (/) - cycle Shift-Dir - straight line, f/p - Grinder
Aim: Grinder, carrying a wand of roots (5) (moderately wounded, 80% to hit)
The blast of sand hits Grinder!
Grinder is heavily wounded.
Grinder says, "Wait up."
Grinder barely misses you. Grinder hits you!
* * * LOW HITPOINT WARNING * * *
You writhe in agony.
* * * LOW HITPOINT WARNING * * *
You take 9 damage, and have 3/21 hp.
MASSIVE DAMAGE!!
You now have 5/11 mp.
Aiming: Sandblast (safe; 3% risk of failure)
Press: ? - help, Q - select action, (/) - cycle Shift-Dir - straight line, f/p - Grinder
Aim: Grinder, carrying a wand of roots (5) (heavily wounded, 80% to hit)
The blast of sand hits Grinder.
Grinder is severely wounded.
You now have 4/11 mp.
Grinder gestures at you. Pain shoots through your body!
You die...

##..###.....## #
.............# .##.
.............#####....
.#...............#
#.#...........†.#
#.#.####........#
#...............#
###.............#
#..5.@..........#
............>........#
...........##...>....#
...........##........####
...........+............#
...........############.#
......###### #.# ######
#.# ######.#


You could see Grinder.

Vanquished Creatures
  4 gnolls (D:2)
  4 adders (D:2)
  A dart slug (D:1)
  5 endoplasms
  A giant cockroach (D:1)
  3 goblins
  4 hobgoblins
  5 jackals
  4 kobolds (D:2)
  A quokka (D:2)
  2 ball pythons (D:2)
  6 bats
  6 frilled lizards
  A rat (D:2)
47 creatures vanquished.

Notes
Turn   | Place    | Note
-------+----------+-------------------------------------------
     0 | D:1      | jasper the Spriggan Earth Elementalist began the quest for
                  | the Orb.
     0 | D:1      | Reached XP level 1. HP: 9/9 MP: 5/5
    31 | D:1      | Reached skill level 3 in Spellcasting
   201 | D:1      | Reached XP level 2. HP: 13/13 MP: 1/7
  1347 | D:2      | Reached XP level 3. HP: 16/16 MP: 6/9
  1351 | D:2      | Learned a level 2 spell: Passwall
  1355 | D:2      | Learned a level 3 spell: Stone Arrow
  1588 | D:2      | Reached skill level 4 in Spellcasting
  1602 | D:2      | Reached XP level 4. HP: 21/21 MP: 3/11
  1632 | D:2      | Reached skill level 1 in Conjurations
  2182 | D:2      | Noticed Terence
  2425 | D:3      | Noticed Grinder
  2435 | D:3      | HP: 1/21 [Grinder (6)]
  2441 | D:3      | Killed from afar by Grinder

Illustrated notes

Levels and vault maps discovered:
D:1:      tarquinn_simple_flora_water_d, layout_basic, minmay_tetromino_l4
D:2:      layout_loops_cross, basic_altar, uniq_terence
D:3:      layout_basic, riverfiend_overflow_shadow_ancestor,
          kennysheep_pointless_box, minmay_stone_trees_large,
          lightli_corner_chamber, uniq_crazy_yiuf_cottage, uniq_grinder

Skill      XL: |  1  2  3  4 |
---------------+-------------+-----
Spellcasting   | 3 4 |  4.5
Earth Magic    | 3 |  3.8
Conjurations   | 1 |  1.2
Dodging        | |  2.6
Stealth        | |  3.0
Transmutations | |  1.3

Action                     |  1- 3 |  4- 6 || total
---------------------------+-------+-------++-------
  Melee: Trident           |       |     1 ||     1
   Cast: Sandblast         |    54 |    35 ||    89
    Use: Scroll            |     6 |       ||     6
         Potion            |       |     1 ||     1
 Armour: Robe              |     2 |     1 ||     3
  Dodge: Dodged            |    16 |     4 ||    20

Table legend: (Time is in decaauts)
 A = Elapsed time spent in this place.
 B = Non-inter-level travel time spent in this place.
 C = Inter-level travel time spent in this place.
 D = Time resting spent in this place.
 E = Time spent auto-exploring this place.
 F = Levels seen in this place.
 G = Mean time per level.
                   A        B        C        D        E       F      G
               +--------+--------+--------+--------+--------+-----+--------+
         Total |   1857 |   1843 |     14 |    184 |   1344 |   3 |  619.0 |
       Dungeon |   1857 |   1843 |     14 |    184 |   1344 |   3 |  619.0 |
               +--------+--------+--------+--------+--------+-----+--------+

Top non-repeatable levels by time:
     D:1: 921 daAuts
     D:2: 758 daAuts
     D:3: 177 daAuts
